 Dungeon Crawl Stone Soup version 0.18-a0-1721-gc4d1f22 (webtiles) character file.

14840 izbit the Spear-Bearer (level 12, -4/95 HPs)
             Began as a Merfolk Ice Elementalist on Apr 9, 2016.
             Was a Believer of Ashenzari.
             Killed from afar by a frost giant (29 damage)
             ... with a bolt of cold
             ... in an ice cave.
             The game lasted 05:42:25 (19193 turns).

izbit the Spear-Bearer (Merfolk Ice Elementalist)  Turns: 19193, Time: 05:42:26

Health: -4/95      AC: 11    Str:  9    XL:     12   Next: 20%
Magic:  0/24       EV: 15    Int: 18    God:    Ashenzari [**....]
Gold:   675        SH:  4    Dex: 15    Spells: 5 memorised, 13 levels left

rFire  . . .     SeeInvis .     u - +2 trident (protect)
rCold  . . .     Gourm    .     a - +0 robe
rNeg   + . .     Faith    .     s - +0 buckler
rPois  .         Spirit   +     (no helmet)
rElec  .         Dismiss  .     C - +2 cloak
rCorr  +         Reflect  .     S - +0 pair of gloves
SustAt .         Harm     .     (no boots)
MR     .....                    V - amulet of guardian spirit
Stlth  +++.......               j - ring of positive energy
                                h - ring of resist corrosion

@: flying, very slightly contaminated, not resistant to hostile enchantments,
fairly stealthy
A: change form in water, swift swim, blink
a: Blink, Curse Item, Scrying, Renounce Religion


You were in an ice cave.
You worshipped Ashenzari.
Ashenzari was pleased with you.
You were not hungry.

You visited 3 branches of the dungeon, and saw 13 of its levels.
You also visited: Ice Cave.

You collected 675 gold pieces.

Inventory:

Hand Weapons
 d - a +0 blowgun
 u - a +2 trident of protection (weapon)
 M - a +4 trident
 R - a +2 shortbow of flaming
Missiles
 l - 11 poisoned arrows
 v - 3 needles of paralysis
 w - 2 throwing nets
 B - 54 poisoned needles
 Q - 5 javelins of penetration
 W - 7 tomahawks (quivered)
 Z - 3 needles of sleeping
Armour
 a - a +0 robe (worn)
 s - a +0 buckler (worn)
 C - a +2 cloak (worn)
 S - a +0 pair of gloves (worn)
Jewellery
 h - a ring of resist corrosion (left hand)
 j - a ring of positive energy (right hand)
 V - an amulet of guardian spirit (around neck)
Wands
 e - a wand of hasting (5/9)
 i - a wand of lightning (0/15)
 m - a wand of acid (0/15)
 E - a wand of enslavement (16/24)
 T - a wand of random effects (0/48)
Scrolls
 k - a scroll of identify
 y - 3 scrolls of magic mapping
 P - 3 scrolls of enchant armour
Potions
 p - a potion of cure mutation
Books
 b - a book of Frost

   Spells                             Type                      Level
   a - Freeze                         Ice                          1
   b - Throw Frost                    Conjuration/Ice              2
   c - Ozocubu's Armour               Charms/Ice                   3
   d - Throw Icicle                   Conjuration/Ice              4
   e - Summon Ice Beast               Ice/Summoning                4
 f - a book of the Warp

   Spells                             Type                      Level
   a - Recall                         Summoning/Translocation      3
   b - Gell's Gravitas                Hexes/Translocation          3
   c - Force Lance                    Conjuration/Translocation    4
   d - Warp Weapon                    Charms/Translocation         5
   e - Summon Forest                  Summoning/Translocation      5
 o - a book of Air

   Spells                             Type                      Level
   a - Shock                          Conjuration/Air              1
   b - Swiftness                      Charms/Air                   2
   c - Repel Missiles                 Charms/Air                   2
   d - Static Discharge               Conjuration/Air              3
   e - Lightning Bolt                 Conjuration/Air              5
Miscellaneous
 r - a plain deck of changes {drawn: 4}
 z - a plain deck of summoning {drawn: 7}
Comestibles
 c - 11 bread rations
 n - 13 chunks of flesh
 q - 3 fruits
 t - 3 beef jerkies
 J - 4 meat rations
 Y - 8 slices of pizza


   Skills:
 + Level 9.0 Fighting
 + Level 11.8 Polearms
 + Level 6.7 Dodging
 - Level 5.0 Stealth
 + Level 1.3 Shields
 + Level 8.0 Spellcasting
 - Level 0.7 Conjurations
 - Level 5.0 Summonings
 + Level 11.3 Ice Magic
 + Level 2.0 Evocations


You had 13 spell levels left.
You knew the following spells:

 Your Spells              Type           Power        Failure   Level  Hunger
a - Freeze                Ice            ####         1%          1    None
b - Throw Frost           Conj/Ice       ####..       1%          2    None
c - Ozocubu's Armour      Chrm/Ice       ####....     4%          3    #......
d - Throw Icicle          Conj/Ice       ####....     12%         4    ###....
e - Summon Ice Beast      Ice/Summ       #####...     6%          4    ###....


Dungeon Overview and Level Annotations

Branches:
Dungeon (10/15)            Temple (1/1) D:5            Lair (2/8) D:8
    Orc: D:9-12

Altars:
Ashenzari
Cheibriados
Dithmenos
Elyvilon
Fedhas
Gozag
Kikubaaqudgha
Makhleb
Nemelex Xobeh
Okawaru
Pakellas
Qazlal
Ru
Sif Muna
Trog
Vehumet
Xom
Yredelemnul
Zin
The Shining One


Innate Abilities, Weirdness & Mutations

You revert to your normal form in water.
You are very nimble and swift while swimming.
You can translocate small distances at will.


Message History

The frost giant points at you and mumbles some strange words.
The bolt of cold hits you!
* * * LOW HITPOINT WARNING * * *
You see here an uncursed ring mail.
You see here a scroll of noise.
Read which item? (? for menu, Esc to quit)
Okay, then.
Unknown command.
Drink which item? (? for menu, Esc to quit)
You feel very buoyant.
You fly up into the air.
Read which item? (? for menu, Esc to quit)
As you read the scroll of fog, it crumbles to dust.
The scroll dissolves into smoke.
Evoke which item? (* to show all) (? for menu, Esc to quit)
You draw a card...
It is Foxfire.
The frost giant casts a spell at you.
The bolt of cold misses your killer bee.
The bolt of cold hits you!
You die...

*#..#########≈######.##
*≈ ≈*##...###≈ ≈
##...#.#.###* ≈
##....##* #.⌠...###..#
# *≈ ≈
##....#####.#.###..###
## *
###.....#####..##...##
.# ≈ *
##.....####..###h..# .#
≈ ###....#...## .h..Y#
## ≈ ####...###
##hh.### * *≈≈ ≈ *
#y@#####.###{.###|# * ≈
* ≈ ≈≈≈
*##y####.Yh###.$))(#
*≈≈ ≈ ≈
*##C§..C.....#....# *≈
* * * ######.##########
* * * ###


You could see a frost giant and 2 friendly killer bees.

Vanquished Creatures
  A death yak (IceCv)
  Maurice (D:9)
  A spiny frog (Lair:1)
  A komodo dragon (Lair:1)
  4 polar bears (IceCv)
  A spriggan (D:9)
  Eustachio (D:5)
  6 yaks (IceCv)
  2 wyverns
  A steam dragon (D:9)
  Grum (D:8)
  2 hippogriffs
  3 wargs
  A water moccasin (Lair:1)
  A black bear (D:7)
  5 orc warriors
  2 porcupines (Lair:1)
  A phantom (D:4)
  4 sky beasts
  3 ogres
  21 wolves
  4 centaurs
  A crocodile (Lair:1)
  4 giant frogs
  3 big kobolds
  4 scorpions
  A water moccasin skeleton (D:7)
  12 wights
  2 howler monkeys
  7 crimson imps
  A centaur skeleton (D:10)
  2 centaur zombies
  2 giant frog zombies
  A quasit (D:7)
  11 orc priests
  7 hounds
  4 jellies
  A giant frog skeleton (D:4)
  5 iguanas
  8 orc wizards
  3 worker ants
  A worker ant zombie (D:6)
  10 gnolls
  A howler monkey skeleton (D:5)
  12 adders
  11 river rats (Lair:1)
  5 shadow imps
  4 oozes
  An adder zombie (D:9)
  4 dart slugs
  4 giant geckos
  47 orcs
  A ball python (D:2)
  8 giant cockroaches
  10 hobgoblins
  12 jackals
  22 kobolds
  3 quokkas
  11 bats
  6 giant newts
  17 goblins
  A quokka skeleton (D:7)
  A quokka zombie (D:5)
  7 rats
345 creatures vanquished.

Vanquished Creatures (collateral kills)
  A hydra (Lair:1)
  A death yak (IceCv)
  A hill giant (D:10)
  An ice statue (IceCv)
  2 komodo dragons (Lair:1)
  5 polar bears (IceCv)
  A basilisk (Lair:1)
  8 yaks (IceCv)
  Menkaure (D:7)
  An ice beast (D:9)
  An orc warrior (D:9)
  A phantom (D:9)
  A necrophage (D:8)
  4 wolves (IceCv)
  3 crocodiles
  3 giant frogs
  A scorpion (D:9)
  A wight (D:10)
  3 howler monkeys (D:10)
  5 orc priests
  An orc wizard (D:9)
  A worker ant (D:8)
  A river rat (Lair:1)
  3 orcs (D:9)
51 creatures vanquished.

Vanquished Creatures (others)
  A polar bear (IceCv)
  A fungus (Lair:1)
  A plant (Lair:1)
3 creatures vanquished.

Grand Total: 399 creatures vanquished

Notes
Turn   | Place    | Note
--------------------------------------------------------------
     0 | D:1      | izbit the Merfolk Ice Elementalist began the quest for the Orb.
     0 | D:1      | Reached XP level 1. HP: 13/13 MP: 3/3
   256 | D:1      | Reached XP level 2. HP: 19/19 MP: 1/5
   261 | D:1      | Learned a level 2 spell: Throw Frost
   829 | D:1      | Reached XP level 3. HP: 19/25 MP: 2/6
   881 | D:1      | Learned a level 3 spell: Ozocubu's Armour
  1361 | D:2      | Reached skill level 1 in Fighting
  1578 | D:2      | Reached XP level 4. HP: 32/32 MP: 4/7
  2116 | D:3      | Reached skill level 1 in Polearms
  2116 | D:3      | Reached XP level 5. HP: 32/38 MP: 3/9
  2171 | D:3      | Learned a level 4 spell: Throw Icicle
  2279 | D:3      | Reached skill level 5 in Ice Magic
  2551 | D:3      | Reached XP level 6. HP: 18/46 MP: 0/11
  2784 | D:3      | Found a sparkling altar of Nemelex Xobeh.
  2877 | D:3      | Found a shattered altar of Ashenzari.
  2894 | D:3      | Became a worshipper of Ashenzari the Shackled
  3173 | D:3      | Found a shadowy altar of Dithmenos.
  3543 | D:4      | Noticed a phantom
  3787 | D:4      | Reached XP level 7. HP: 52/52 MP: 7/12
  4156 | D:4      | Found a radiant altar of Vehumet.
  4643 | D:4      | Learned a level 4 spell: Summon Ice Beast
  4808 | D:5      | Entered Level 5 of the Dungeon
  4860 | D:5      | Found a staircase to the Ecumenical Temple.
  4866 | Temple   | Entered the Ecumenical Temple
  5223 | D:5      | Found an opulent altar of Gozag.
  5271 | D:5      | Reached * piety under Ashenzari
  5397 | D:5      | Reached XP level 8. HP: 47/60 MP: 10/14
  5843 | D:5      | Noticed Eustachio
  5870 | D:5      | Killed Eustachio
  5870 | D:5      | Reached skill level 5 in Polearms
  6452 | D:6      | Found a burning altar of Makhleb.
  6454 | D:6      | Noticed a green death
  6456 | D:6      | Found a glowing silver altar of Zin.
  6456 | D:6      | Noticed an angel
  7227 | D:6      | Found a bloodstained altar of Trog.
  7414 | D:6      | Found an iron altar of Okawaru.
  7660 | D:6      | Reached skill level 5 in Fighting
  7720 | D:6      | Reached XP level 9. HP: 51/68 MP: 7/16
  7922 | D:7      | Reached skill level 5 in Spellcasting
  8064 | D:7      | Found a glowing golden altar of the Shining One.
  8453 | D:7      | Found a deep blue altar of Sif Muna.
  9043 | D:7      | Noticed Menkaure
 10075 | D:8      | Found a stormy altar of Qazlal.
 10167 | D:8      | Reached XP level 10. HP: 19/77 MP: 1/19
 10203 | D:8      | Gained mutation: Scrolls take you a little longer to read. [mutagenic meat]
 10204 | D:8      | Gained mutation: Potions and wands are less effective at restoring your health. [mutagenic meat]
 10402 | D:8      | Noticed Grum
 10418 | D:8      | Killed Grum
 10727 | D:8      | Reached skill level 1 in Summonings
 10799 | D:9      | Noticed Maurice
 10993 | D:9      | Lost mutation: Scrolls take you a little longer to read. [potion of cure mutation]
 10993 | D:9      | Lost mutation: Potions and wands are less effective at restoring your health. [potion of cure mutation]
 11286 | D:9      | Reached skill level 5 in Stealth
 11643 | D:9      | Reached skill level 10 in Ice Magic
 11651 | D:9      | Found a sacrificial altar of Ru.
 11677 | D:9      | Killed Maurice
 12021 | D:9      | Found a white marble altar of Elyvilon.
 12167 | D:10     | Entered Level 10 of the Dungeon
 12411 | D:10     | Reached ** piety under Ashenzari
 12714 | D:10     | Noticed a hill giant
 13078 | D:10     | Reached skill level 10 in Polearms
 13120 | D:10     | Killed a hill giant
 13120 | D:10     | Reached XP level 11. HP: 79/85 MP: 6/21
 13957 | D:8      | Found a staircase to the Lair.
 14314 | D:7      | Killed Menkaure
 14396 | Lair:1   | Entered Level 1 of the Lair of Beasts
 15965 | Lair:1   | Gained mutation: You can translocate small distances at will. [potion of mutation]
 16127 | Lair:1   | Noticed a five-headed hydra
 16133 | Lair:1   | Killed a five-headed hydra
 16363 | Lair:2   | Found a frozen archway.
 16381 | IceCv    | Entered an ice cave
 16419 | IceCv    | Reached skill level 5 in Dodging
 16471 | IceCv    | HP: 3/87 [polar bear (5)]
 17073 | IceCv    | Reached skill level 5 in Summonings
 17663 | IceCv    | Reached skill level 1 in Evocations
 17892 | IceCv    | Reached XP level 12. HP: 87/94 MP: 15/23
 18886 | IceCv    | Noticed a death yak
 18886 | IceCv    | Noticed a death yak
 18925 | IceCv    | Killed a death yak
 18925 | IceCv    | Reached skill level 1 in Shields
 18958 | IceCv    | Killed a death yak
 19173 | IceCv    | Noticed a frost giant
 19193 | IceCv    | Killed from afar by a frost giant

Vault maps used:
D:1:      dpeg_arrival_subterranean_lakeside_camping
D:3:      ashenzari_altar_1, nemelex_deck, grunt_dithmenos_smoke
D:4:      kennysheep_mini, first_bread, interstate_on_off
D:5:      nicolae_overflow_crystal_walls, minmay_temple_entry_purple_smoke,
          serial_co_window_serial, co_window_of_opportunity_a,
          co_window_corner_a, co_window_corner_a, co_window_of_opportunity_a,
          co_window_paths_a, co_window_paths_a, co_window_paths_a,
          co_window_broadway_a, co_window_of_opportunity_b, co_window_corner_cb,
          co_window_broadway_a, co_window_2corner, co_window_paths_c,
          glass_columns_a, glass_columns_a, glass_columns_a, glass_columns_a,
          glass_columns_b, uniq_eustachio
D:6:      grunt_temple_overflow_order_and_chaos_2, kennysheep_mini_moat,
          okawaru_altar_gauntlet_db, minmay_misc_feat_enclosed
D:7:      tso_metal_star, lemuel_coloured_pillars_altar, uniq_menkaure
D:8:      nicolae_qazlal_style_of_elements, erik_lair_orcish_takeover,
          serial_corexii_hall, corexii_hall_statues_l, corexii_hall_statues_x,
          uniq_grum
D:9:      overflow_temple_1_default, basic_altar, grunt_pizzeria, uniq_maurice
D:10:     lemuel_upstairs_altar
Temple:   cyrus_temple_forest_13
Lair:1:   fungi_pond_lemuel, st_stairs_13, beast_lair_carwin_9
Lair:2:   portal_ice_cave_entry_pillars_02, wad_woods_road_01,
          beast_lair_carwin_1, grunt_megastairs_5, infiniplex_staircase_pool_2
IceCv:    ice_cave_caverns_01

Skill      XL: |  1  2  3  4  5  6  7  8  9 10 11 12 |
---------------+-------------------------------------+-----
Ice Magic      | 4 5 6 7 8 9 10 11 | 11.3
Fighting       | 1 2 3 5 6 7 8 9 |  9.0
Polearms       | 1 2 3 4 6 8 10 11 | 11.8
Spellcasting   | 3 4 6 7 8 |  8.0
Dodging        | 3 4 6 |  6.7
Stealth        | 4 5 |  5.0
Summonings     | 3 5 |  5.0
Evocations     | 1 2 |  2.0
Shields        | 1 |  1.3
Conjurations   | |  0.7

Action                   |  1- 3 |  4- 6 |  7- 9 | 10-12 || total
-------------------------+-------+-------+-------+-------++-------
Melee: Club              |    21 |       |       |       ||    21
       Spear             |       |    34 |       |       ||    34
       Hand axe          |       |    10 |    60 |       ||    70
       Trident           |       |       |   209 |   307 ||   516
 Fire: Shortbow          |       |       |     9 |       ||     9
       Blowgun           |       |       |       |    28 ||    28
Throw: Stone             |    72 |    19 |     1 |       ||    92
       Tomahawk          |       |    34 |    71 |    62 ||   167
       Javelin           |       |       |    27 |     6 ||    33
       Throwing net      |       |       |       |     1 ||     1
 Cast: Freeze            |    51 |    56 |   131 |   254 ||   492
       Throw Frost       |     4 |    17 |    57 |    64 ||   142
       Ozocubu's Armour  |       |     1 |     2 |     2 ||     5
       Summon Ice Beast  |       |       |       |    68 ||    68
       Throw Icicle      |       |       |       |     8 ||     8
 Abil: Blink             |       |       |       |     2 ||     2
Evoke: Wand              |       |     1 |     4 |    30 ||    35
       Deck              |       |     1 |     1 |     9 ||    11
       Box of beasts     |       |       |       |    13 ||    13
  Use: Scroll            |     2 |     2 |     4 |    21 ||    29
       Potion            |       |       |    10 |    21 ||    31
 Stab: Sleeping          |     2 |     2 |     4 |     3 ||    11
       Distracted        |       |       |     2 |     3 ||     5
  Eat: Chunk             |     3 |     8 |    18 |    38 ||    67
       Fruit             |       |       |     3 |     6 ||     9
       Pizza             |       |       |     1 |       ||     1
